 Dungeon Crawl Stone Soup version 0.31-a0-675-g238779eb0a (webtiles) character file.

Game seed: 15648161051830186528

130 ragingrage the Charlatan (level 5, -3/40 HPs)
             Began as a Gnoll Artificer on Sept 5, 2023.
             Killed by divine providence
             ... invoked by an orc priest
              (11 damage)
             ... on level 3 of the Dungeon.
             The game lasted 00:03:31 (2590 turns).

ragingrage the Charlatan (Gnoll Artificer)          Turns: 2590, Time: 00:03:32

Health: -3/40      AC:  6    Str: 17    XL:     5   Next: 13%
Magic:  7/7        EV: 11    Int: 13    God:
Gold:   115        SH:  0    Dex: 12    Spells: 4/6 levels left

rFire   . . .        v - +0 morningstar
rCold   . . .        (no shield)
rNeg    . . .        s - +0 ring mail
rPois   .            (no helmet)
rElec   .            (no cloak)
rCorr   .            (no gloves)
SInv    .            (no boots)
Will    .....        (no amulet)
Stlth   +            r - +6 ring of strength
HPRegen 0.26/turn    (no ring)
MPRegen 0.10/turn

%: no passive effects
@: no status effects
A: fangs 1, strong nose, distributed training
a: no special abilities


You were on level 3 of the Dungeon.
You visited 1 branch of the dungeon, and saw 3 of its levels.

You collected 115 gold pieces.

Inventory:

Hand Weapons
 m - a +0 trident
 v - a +0 morningstar (weapon)
Missiles
 a - 4 javelins
Armour
 s - a +0 ring mail (worn)
Jewellery
 r - a +6 ring of strength (left hand)
Wands
 c - a wand of flame (14) (quivered)
 d - a wand of charming (10)
 e - a wand of iceblast (5)
Scrolls
 b - a scroll of blinking {unknown}
 f - a scroll of poison {unknown}
 j - a scroll of amnesia {unknown}
 l - 3 scrolls of enchant weapon {unknown}
 o - 2 scrolls of identify {unknown}
 p - 2 scrolls of fear {unknown}
 q - a scroll of enchant armour {unknown}
 t - a scroll of brand weapon {unknown}
 u - a scroll of teleportation {unknown}


   Skills:
 + Level 2.9 Fighting
 + Level 1.4 Short Blades
 + Level 1.4 Long Blades
 + Level 1.4 Axes
 + Level 1.4 Maces & Flails
 + Level 1.4 Polearms
 + Level 1.4 Staves
 + Level 1.4 Ranged Weapons
 + Level 1.4 Throwing
 + Level 4.7 Armour
 + Level 2.9 Dodging
 + Level 2.7 Stealth
 + Level 1.4 Shields
 + Level 1.4 Unarmed Combat
 + Level 1.4 Spellcasting
 + Level 1.1 Conjurations
 + Level 1.1 Hexes
 + Level 1.1 Summonings
 + Level 1.1 Necromancy
 + Level 1.1 Translocations
 + Level 1.1 Transmutations
 + Level 1.1 Fire Magic
 + Level 1.1 Ice Magic
 + Level 1.1 Air Magic
 + Level 1.1 Earth Magic
 + Level 1.1 Poison Magic
 + Level 1.5 Invocations
 + Level 6.6 Evocations
 + Level 1.2 Shapeshifting


You had 4 spell levels left.
You knew the following spells:

 Your Spells              Type           Power      Damage    Failure   Level
a - Blink                 Tloc           6%         N/A       41%         2

Your spell library contained the following spells:

 Spells                   Type           Power      Damage    Failure   Level
 Lesser Beckoning         Tloc           6%         N/A       41%         2
 Momentum Strike          Conj/Tloc      6%         3d8       41%         2
 Inner Flame              Hex/Fire       3%         N/A       65%         3
 Cause Fear               Hex            1%         N/A       96%         4
 Summon Ice Beast         Ice/Summ       3%         N/A       96%         4
 Fireball                 Conj/Fire      1%         3d3       100%        5
 Summon Mana Viper        Hex/Summ       3%         N/A       100%        5
 Yara's Violent Unravell  Hex/Tmut       1%         3d3       100%        5
 Enfeeble                 Hex            1%         N/A       100%        7
 Monstrous Menagerie      Summ           1%         N/A       100%        7
 Dragon's Call            Summ           1%         N/A       100%        9


Dungeon Overview and Level Annotations

Branches:
Dungeon (3/15)

Altars:

Shops:
D:3 :

Annotations:
D:3 1 runed translucent door, Shayle's ghost, amateur OgSh


Innate Abilities, Weirdness & Mutations

You have very sharp teeth.
Your uncanny sense of smell can sniff out nearby items.
Your experience applies equally to all skills.


Message History

The orc hits you with a +0 morningstar.
You hit the orc but do no damage. The orc closely misses you.
The orc barely misses you.
You hit the orc. The orc misses you.
An orc priest comes into view. It is wielding a +0 dagger.
The orc hits you but does no damage. x2; The orc closely misses you.
You barely miss the orc. The orc hits you but does no damage.
The orc barely misses you.
Aiming: Charm
Press: ? - help, Shift-Dir - straight line, f - orc
Aim: an orc, wielding a +0 mace (chance to affect: 80%)
The orc barely resists.
The orc priest shouts!
The orc hits you with a +0 mace. The orc hits you with a +0 morningstar.
Aiming: Charm
Press: ? - help, Shift-Dir - straight line, f/p - orc
Aim: an orc, wielding a +0 mace (chance to affect: 80%)
The orc is charmed.
The orc priest invokes the aid of Beogh against you.
Beogh smites you!
* * * LOW HITPOINT WARNING * * *
The orc hits your orc with a +2 short sword of holy wrath.
The orc misses you.
You hit the orc but do no damage. You punch the orc, but do no damage.
Your orc closely misses the orc.
The orc hits your orc with a +2 short sword of holy wrath.
Your orc dies!
The orc closely misses you.
You hit the orc. The orc barely misses you.
The orc hits you but does no damage. The orc barely misses you.
Aiming: Charm
Press: ? - help, Shift-Dir - straight line, f - orc
Aim: an orc, wielding a +2 short sword of holy wrath (chance to affect: 80%)
The orc is charmed.
The orc priest completely misses your orc.
The orc closely misses you.
You hit the orc but do no damage. You bite the orc, but do no damage.
The orc priest calls down the wrath of Beogh upon you.
Beogh smites you!
You die...

# .......##.# #.#.#
#..##.##
#.##.#.###..#...##
#....)...#.......##.#
####.#o#............#
# #...ooo##.######
#####)###.# #.#####.#
#.# #..oo@o.# #.#
######### #.# ### ###
#.# #.. ..# #.# #.#
#.# #.# #.# #.# #.#
####.#####.# #.#
#....(..##.###.##
#.##.##.##.##...##


You could see an orc priest, an orc (ally target) and a friendly orc (charmed).

Vanquished Creatures
  Jessica (D:2)
  2 adders (D:3)
  3 dart slugs
  5 orcs (D:3)
  4 ball pythons
  5 endoplasms
  3 giant cockroaches
  9 goblins
  7 hobgoblins
  7 jackals
  2 quokkas (D:2)
  4 bats
  4 frilled lizards
  8 kobolds
  3 rats
67 creatures vanquished.

Vanquished Creatures (others)
  An orc wizard (D:3)
  An orc (D:3)
  A giant cockroach (D:1)
  A hobgoblin (D:1)
4 creatures vanquished.

Grand Total: 71 creatures vanquished

Notes
Turn   | Place    | Note
-------+----------+-------------------------------------------
     0 | D:1      | ragingrage the Gnoll Artificer began the quest for the Orb.
     0 | D:1      | Reached XP level 1. HP: 17/17 MP: 1/1
   215 | D:1      | Reached XP level 2. HP: 22/23 MP: 2/2
   460 | D:1      | Found a faded altar of an unknown god.
   596 | D:1      | Reached XP level 3. HP: 26/28 MP: 3/3
  1136 | D:2      | Reached skill level 1 in Invocations
  1255 | D:2      | Reached skill level 1 in Short Blades
  1255 | D:2      | Reached skill level 1 in Long Blades
  1255 | D:2      | Reached skill level 1 in Axes
  1255 | D:2      | Reached skill level 1 in Maces & Flails
  1255 | D:2      | Reached skill level 1 in Polearms
  1255 | D:2      | Reached skill level 1 in Staves
  1255 | D:2      | Reached skill level 1 in Ranged Weapons
  1255 | D:2      | Reached skill level 1 in Throwing
  1255 | D:2      | Reached skill level 1 in Shields
  1255 | D:2      | Reached skill level 1 in Unarmed Combat
  1255 | D:2      | Reached skill level 1 in Spellcasting
  1521 | D:2      | Noticed Jessica
  1537 | D:2      | Killed Jessica
  1538 | D:2      | Reached skill level 1 in Shapeshifting
  1538 | D:2      | Reached XP level 4. HP: 5/34 MP: 5/5
  1654 | D:2      | Learned a level 2 spell: Blink
  1763 | D:2      | Reached skill level 1 in Conjurations
  1763 | D:2      | Reached skill level 1 in Hexes
  1763 | D:2      | Reached skill level 1 in Summonings
  1763 | D:2      | Reached skill level 1 in Necromancy
  1763 | D:2      | Reached skill level 1 in Translocations
  1763 | D:2      | Reached skill level 1 in Transmutations
  1763 | D:2      | Reached skill level 1 in Fire Magic
  1763 | D:2      | Reached skill level 1 in Ice Magic
  1763 | D:2      | Reached skill level 1 in Air Magic
  1763 | D:2      | Reached skill level 1 in Earth Magic
  1763 | D:2      | Reached skill level 1 in Poison Magic
  1975 | D:3      | Noticed Shayle's ghost (amateur OgSh)
  2068 | D:3      | Found a runed translucent door.
  2121 | D:3      | Found Ymyxkolu's Book Shop.
  2472 | D:3      | Reached XP level 5. HP: 39/40 MP: 5/7
  2590 | D:3      | Killed from afar by an orc priest

Illustrated notes

Levels and vault maps discovered:
D:1:      dpeg_arrival_court, layout_basic,
          chequers_ecumenical_altar_simple_redux, minmay_pentomino_p4
D:2:      layout_rooms, uniq_jessica
D:3:      layout_loops_corners, serial_shops, nicolae_shop_waterfront,
          hellmonk_ghost_happy_afterlife, minmay_misc_feat_encased,
          corexii_hall_statues_i

Skill      XL: |  1  2  3  4 |
---------------+-------------+-----
Invocations    | 1 |  1.5
Short Blades   | 1 |  1.4
Long Blades    | 1 |  1.4
Axes           | 1 |  1.4
Maces & Flails | 1 |  1.4
Polearms       | 1 |  1.4
Staves         | 1 |  1.4
Ranged Weapons | 1 |  1.4
Throwing       | 1 |  1.4
Shields        | 1 |  1.4
Unarmed Combat | 1 |  1.4
Spellcasting   | 1 |  1.4
Shapeshifting  | 1 |  1.2
Conjurations   | 1 |  1.1
Hexes          | 1 |  1.1
Summonings     | 1 |  1.1
Necromancy     | 1 |  1.1
Translocations | 1 |  1.1
Transmutations | 1 |  1.1
Fire Magic     | 1 |  1.1
Ice Magic      | 1 |  1.1
Air Magic      | 1 |  1.1
Earth Magic    | 1 |  1.1
Poison Magic   | 1 |  1.1
Fighting       | |  2.9
Armour         | |  4.7
Dodging        | |  2.9
Stealth        | |  2.7
Evocations     | |  6.6

Action                     |  1- 3 |  4- 6 || total
---------------------------+-------+-------++-------
  Melee: Club              |    20 |       ||    20
         Bite              |    14 |    17 ||    31
         Mace              |   128 |    79 ||   207
         Dagger            |    13 |       ||    13
         Punch             |     3 |     2 ||     5
         Morningstar       |       |    53 ||    53
  Evoke: Wand              |     2 |     4 ||     6
    Use: Potion            |       |     4 ||     4
   Stab: Sleeping          |     2 |     1 ||     3
 Armour: Leather armour    |   127 |    57 ||   184
         Ring mail         |       |    90 ||    90
  Dodge: Dodged            |   133 |   141 ||   274

Table legend: (Time is in decaauts)
 A = Elapsed time spent in this place.
 B = Non-inter-level travel time spent in this place.
 C = Inter-level travel time spent in this place.
 D = Time resting spent in this place.
 E = Time spent auto-exploring this place.
 F = Levels seen in this place.
 G = Mean time per level.
                   A        B        C        D        E       F      G
               +--------+--------+--------+--------+--------+-----+--------+
         Total |   2695 |   2654 |     41 |    386 |   1528 |   3 |  898.3 |
       Dungeon |   2695 |   2654 |     41 |    386 |   1528 |   3 |  898.3 |
               +--------+--------+--------+--------+--------+-----+--------+

Top non-repeatable levels by time:
     D:1: 1101 daAuts
     D:2: 799 daAuts
     D:3: 794 daAuts
